Description

3 Gate Robo Opener, into a quick 3rd This is the build order of Harstems Supply Challenge (29.09.2020) PvT

Build Order

Get SALT Encoding   

  14  0:18  Pylon  
  16  0:39  Gateway Chrono workers until gateway finishes  
  17  0:51  Assimilator 2/3 saturation - 1 probe in directly, 1 rallied  
  20  1:26  Cybernetics Core  
  20  1:34  Nexus  
  20  1:39  Pylon  
  21  1:48  Assimilator  
  24  2:03  Adept (Chrono Boost)  
  24  2:04  Warp Gate  
  28  2:25  Adept (Chrono Boost)  
  29  2:33  Robotics Facility  
  33  2:45  Stalker  
  33  2:50  Gateway  
  37  3:12  Gateway  
  40  3:21  Observer (Chrono Boost)  
  40  3:25  Pylon built outside of base for scounting  
  43  3:35  Observer  
  46  3:50  Nexus  
  48  3:57  Stalker x2, Observer  
  52  4:04  Pylon  
  53  4:08  Assimilator x2  
  54  4:18  Robotics Bay  
  58  4:40  Twilight Council Depending on Scouting! This is your follow-up  
  58  4:42  Forge  
  60  4:48  Zealot  
  71  5:06  Colossus (Chrono Boost) Goal: Get 2 Colossus before 6:30 to defend upcoming push by Terran  
  73  5:13  Extended Thermal Lance (Chrono Boost)  
  73  5:14  Protoss Ground Weapons Level 1 (Chrono Boost)  
  77  5:28  Charge (Chrono Boost)  
  77  5:37  Gateway x3  
  84  5:45  Colossus (Chrono Boost)  
  89  5:51  Sentry  
  89  5:54  Pylon  
  94  6:01  Shield Battery at 3rd  
  97  6:17  Zealot  
  105  6:30  Gateway Now you should have: 62 workers 2 colossi  
  117  6:48  Nexus  
Spawning Tool Build Advisor. Get it on Overwolf

Analysis

Watch his video! https://www.youtube.com/watch?v=UjrgBP1oL1U

Go to:

Details

  • Created by: Schubiduuhh
  • Published on: Sep 27, 2020
  • Modified on: Oct 04, 2020
  • Patch: 4.11.0
  • Difficulty: Medium
Show
View Real Time Build Order
Export as new Build Order

Comments (14)

On Oct. 31, 2020, 5:53 p.m., Rafizz  said:

There is still the issuem, that

"Pylon at 4:58 is missed." (at main right to the Nexus).
This comes mainly due to a missing camera focus and a cut in the video.

On Oct. 23, 2020, 6:55 p.m., PashkaTLT  said:

My pvt winrate was the lowest, but with this one I won 4 PVTs in a row.

On Oct. 22, 2020, 6:23 p.m., PashkaTLT  said:

Here's some corrections:

6:17 2 Zealots
6:27 3rd colossus & 2 zealots
6:34 2 more gateways, 2 zealots
6:41 Pylon & 2 zealots

On Oct. 22, 2020, 6:20 p.m., PashkaTLT  said:

And 1 more gateway at 6:32

On Oct. 22, 2020, 6:18 p.m., PashkaTLT  said:

Also 3rd colossus at 6:30.

On Oct. 22, 2020, 6:17 p.m., PashkaTLT  said:

At 6:17 Harstem makes 2 zealots actually.

On Oct. 22, 2020, 6:16 p.m., PashkaTLT  said:

2 pylons at ~6:05 are missing. A little sloppy job, don't u think so?

On Oct. 22, 2020, 6:14 p.m., PashkaTLT  said:

Sentry at 6:01 is missing

On Oct. 22, 2020, 6:08 p.m., PashkaTLT  said:

Charge is ordered a little earlier at 5:24

On Oct. 22, 2020, 6:06 p.m., PashkaTLT  said:

And another pylon at 5:18 is missing

On Oct. 22, 2020, 6:05 p.m., PashkaTLT  said:

Pylon at 4:58 is missed.

On Oct. 5, 2020, 12:28 a.m., Perfi  said:

Thanks! :)

On Oct. 4, 2020, 1:35 p.m., Schubiduuhh  said:

Yea, thanks for the feedback. I changed it to a normal Pylon.

On Oct. 3, 2020, 10:04 a.m., Perfi  said:

The encoding is messed up because you've got a coop-only Dark Pylon in there.

Create an account to comment!